 Dungeon Crawl Stone Soup version 0.32-a0-560-g4c7f4391e0 (webtiles) character file.

Game seed: 17529849177287064100

79 Dittersdorf the Trooper (level 4, -11/29 HPs)
             Began as a Gargoyle Fighter on Feb 29, 2024.
             Killed by divine providence
             ... invoked by an orc priest
              (13 damage)
             ... on level 2 of the Dungeon.
             The game lasted 00:01:49 (2037 turns).

Dittersdorf the Trooper (Gargoyle Fighter)          Turns: 2037, Time: 00:01:50

Health: -11/29     AC: 11    Str: 22    XL:     4   Next: 37%
Magic:  4/4        EV:  9    Int:  8    God:
Gold:   66         SH:  4    Dex:  9    Spells: 3/3 levels left

rFire   . . .        a - +0 flail
rCold   . . .        c - +0 buckler
rNeg    + . .        b - +0 scale mail
rPois   ∞            (no helmet)
rElec   +            (no cloak)
rCorr   .            (no gloves)
SInv    .            f - +0 pair of boots
Will    .....        (no amulet) Stlth
                     (no ring)
HPRegen 0.24/turn    (no ring)
MPRegen 0.09/turn

%: no passive effects
@: no status effects
A: sickness immunity, AC +3, negative energy resistance 1, electricity
resistance, torment resistance 1, petrification resistance
a: Convert to Beogh


You were on level 2 of the Dungeon.
You visited 1 branch of the dungeon, and saw 3 of its levels.

You collected 66 gold pieces.

Inventory:

Hand Weapons
 a - a +0 flail (weapon)
Missiles
 m - a throwing net (quivered)
Armour
 b - a +0 scale mail (worn)
 c - a +0 buckler (worn)
 f - a +0 pair of boots (worn)
Scrolls
 i - a scroll of immolation {unknown}
 l - a scroll of teleportation {unknown}
 n - 2 scrolls of enchant armour {unknown}
 o - a scroll of identify {unknown}
Potions
 d - a potion of might
 e - a potion of curing {unknown}
 g - a potion of invisibility {unknown}
 h - a potion of mutation {unknown}
 j - a potion of lignification {unknown}
 k - a potion of brilliance {unknown}
 p - a potion of enlightenment {unknown}


   Skills:
 + Level 4.0 Fighting
 + Level 2.7 Maces & Flails
 + Level 4.0 Armour
 + Level 3.9 Shields


You had 3 spell levels left.
You didn't know any spells.
Your spell library contained the following spells:

 Spells                   Type           Power      Damage    Failure   Level
 Passage of Golubria      Tloc           0%         N/A       100%        4
 Silence                  Hex/Air        0%         N/A       100%        5
 Lehudib's Crystal Spear  Conj/Erth      0%         10d2      100%        8


Dungeon Overview and Level Annotations

Branches:
Dungeon (3/15)

Altars:
Dithmenos
Sif Muna


Innate Abilities, Weirdness & Mutations

You are immune to sickness and miasma.
Your stone body is resilient. (AC +3)
You are immune to poison.
You resist negative energy. (rN+)
You are resistant to electric shocks. (rElec)
You are resistant to unholy torment.
You are immune to petrification.


Message History

A goblin comes into view.
It is wielding a +0 dagger. 2 orc priests come into view.
The orc priest shouts!
The goblin shouts!
The orc priest mumbles some strange prayers to Beogh against you.
Beogh smites you!
An orc comes into view. It is wielding a +0 short sword.
The orc priest threatens, "Beogh's wrath is as vast as their mercy.
Make your choice!" (press Y on the ability menu to convert to Beogh)
The orc priest looks encouraged for a moment.
You hit the bush but do no damage.
The bush is moderately damaged.
The orc priest mumbles some strange prayers to Beogh against you.
Beogh smites you!
There is a stone staircase leading up here.
The orc priest hits the bush but does no damage.
You climb upwards.
There is a stone staircase leading down here.
You start resting.
HP restored.
You climb downwards.
The orc priest hits the bush with a +0 hand axe.
The orc priest begins to cast a cantrip, but forgets the words!
There is a stone staircase leading up here.
The orc priest calls down the wrath of Beogh upon you.
Beogh smites you!
The orc hits something but does no damage.
The orc priest threatens, "Beogh's wrath is as vast as their mercy.
Make your choice!"
The orc priest calls down the wrath of Beogh upon you.
Pain shoots through your body!
The goblin hits something but does no damage.
The orc priest mumbles some strange prayers to Beogh against you.
Beogh smites you!
* * * LOW HITPOINT WARNING * * *
The orc hits the bush with a +0 short sword.
You climb upwards.
There is a stone staircase leading down here.
You barely miss the orc priest.
The orc priest invokes the aid of Beogh against you.
Beogh smites you!
You die...

...# ...# ...####
.#....#
.#....#######
.#..........#
.#.###....[.#
.#.###......######
............'..o@#
..#.........####.#
..#.........# #.#
............# #.#
............# #.#
............# ##.#
#...........###÷.#
#####...........##
#..........##


You could see an orc priest.

Vanquished Creatures
  3 adders
  A dart slug (D:2)
  A ribbon worm (D:3)
  An orc (D:3)
  5 ball pythons
  An endoplasm (D:2)
  A giant cockroach (D:1)
  6 goblins
  6 hobgoblins
  6 bats
  7 frilled lizards
  5 kobolds
  6 rats
49 creatures vanquished.

Notes
Turn   | Place    | Note
-------+----------+-------------------------------------------
     0 | D:1      | Dittersdorf the Gargoyle Fighter began the quest for the
                  | Orb.
     0 | D:1      | Reached XP level 1. HP: 14/14 MP: 1/1
   161 | D:1      | Reached XP level 2. HP: 6/19 MP: 2/2
   869 | D:2      | Reached XP level 3. HP: 16/24 MP: 3/3
  1595 | D:2      | Reached XP level 4. HP: 29/29 MP: 4/4
  1830 | D:3      | Found a shimmering blue altar of Sif Muna.
  1837 | D:3      | Found a shadowy altar of Dithmenos.
  1849 | D:3      | Found a faded altar of an unknown god.
  2037 | D:2      | Killed from afar by an orc priest

Illustrated notes

Levels and vault maps discovered:
D:1:      minmay_arrival_arboretum_small, layout_basic, minmay_lizard_pond
D:2:      kennysheep_big_flooded_room, layout_basic, kennysheep_generic_room_8
D:3:      layout_rooms, mainiacjoe_overflow_catwalk_spiral, serial_forest,
          infiniplex_forest_end_2, infiniplex_forest_lined_2,
          infiniplex_forest_fountain, infiniplex_forest_clump_medium,
          infiniplex_forest_lined_2, infiniplex_forest_clump_diagonal,
          infiniplex_forest_join, hellmonk_ecumenical_altar_arch_garden

Skill      XL: |  1  2  3  4 |
---------------+-------------+-----
Fighting       | 4 |  4.0
Armour         | 4 |  4.0
Maces & Flails | |  2.7
Shields        | |  3.9

Action                     |  1- 3 |  4- 6 || total
---------------------------+-------+-------++-------
  Melee: Flail             |   139 |    46 ||   185
 Armour: Scale mail        |   141 |    30 ||   171
  Dodge: Dodged            |    86 |    34 ||   120
  Block: Buckler           |    40 |    18 ||    58

Table legend: (Time is in decaauts)
 A = Elapsed time spent in this place.
 B = Non-inter-level travel time spent in this place.
 C = Inter-level travel time spent in this place.
 D = Time resting spent in this place.
 E = Time spent auto-exploring this place.
 F = Levels seen in this place.
 G = Mean time per level.
                   A        B        C        D        E       F      G
               +--------+--------+--------+--------+--------+-----+--------+
         Total |   2095 |   2001 |     94 |     75 |   1460 |   3 |  698.3 |
       Dungeon |   2095 |   2001 |     94 |     75 |   1460 |   3 |  698.3 |
               +--------+--------+--------+--------+--------+-----+--------+

Top non-repeatable levels by time:
     D:2: 1022 daAuts
     D:1: 869 daAuts
     D:3: 202 daAuts
